 Dungeon Crawl Stone Soup version 0.17-a0-2014-g32cd421 (webtiles) character file.

259 graki42 the Sneak (level 6, -8/41 HPs)
             Began as a Halfling Assassin on Oct 10, 2015.
             Mangled by a worm (12 damage)
             ... on level 3 of the Dungeon.
             The game lasted 00:05:26 (2080 turns).

graki42 the Sneak (Halfling Assassin)               Turns: 2080, Time: 00:05:26

Health: -8/41      AC:  8    Str: 15 (16) XL:     6   Next: 40%
Magic:  6/6        EV: 17    Int: 10      God:
Gold:   105        SH:  0    Dex: 18      Spells: 0 memorised, 5 levels left

rFire  . . .     SeeInvis .     k - +1 dagger (protect)
rCold  . . .     Clarity  .     c - +0 robe
rNeg   . . .     SustAt   .     (shield restricted)
rPois  .         Gourm    .     (no helmet)
rElec  .         Spirit   .     d - +0 cloak
rCorr  .         Warding  .     (no gloves)
rMut   +         Stasis   .     (no boots)
MR     .....                    v - amulet of resist mutation
Stlth  ++........               (no ring)
                                l - ring of flight

@: confused, mighty, slowed, very slow, not resistant to hostile enchantments,
unstealthy
A: mutation resistance 1
a: Evoke Flight


You were on level 3 of the Dungeon.
You were hungry.

You visited 1 branch of the dungeon, and saw 3 of its levels.

You collected 105 gold pieces.

Inventory:

Hand Weapons
 a - a +2 dagger
 b - a +0 blowgun
 k - a +1 dagger of protection (weapon)
Missiles
 e - 13 poisoned needles
 f - 2 curare-tipped needles
Armour
 c - a +0 robe (worn)
 d - a +0 cloak (worn)
Jewellery
 l - a ring of flight (left hand)
 v - an amulet of resist mutation (around neck)
Scrolls
 i - 2 scrolls of random uselessness {unknown}
 j - 2 scrolls of noise {unknown}
 n - a scroll of enchant armour {unknown}
 p - 2 scrolls of remove curse {unknown}
 q - a scroll of amnesia {unknown}
 t - a scroll of fear {unknown}
 w - 2 scrolls of identify {unknown}
 x - a scroll of enchant weapon {unknown}
Potions
 o - 3 potions of curing {unknown}
 r - 3 potions of cancellation {unknown}
 z - a potion of haste {unknown}
Comestibles
 g - 2 bread rations
 h - 2 fruits
 u - a meat ration


   Skills:
 + Level 2.4 Fighting
 + Level 3.9 Short Blades
 + Level 2.5 Throwing
 + Level 4.0 Dodging
 + Level 6.1 Stealth


You had 5 spell levels left.
You didn't know any spells.

Dungeon Overview and Level Annotations

Branches:
Dungeon (3/15)

Altars:
Elyvilon
Qazlal

Annotations:
D:3 Goblin1989's ghost, weakling OpTm; Natasha


Innate Abilities, Weirdness & Mutations

You are small and have problems with some larger weapons.
You are somewhat resistant to further mutation.


Message History

Goblin1989's ghost completely misses you.
Natasha claws you! The worm closely misses you.
You closely miss Natasha.
Natasha is heavily wounded.
The shadow imp gestures at you. Pain shoots through your body!
* * * LOW HITPOINT WARNING * * *
Goblin1989's ghost hits you.
* * * LOW HITPOINT WARNING * * *
Natasha zaps a wand.
You resist with some effort. The shadow imp misses you.
You bump into the rock wall.
Goblin1989's ghost misses you. Natasha barely misses you.
The worm completely misses you. The shadow imp closely misses you.
Goblin1989's ghost screams, "You must not succeed where I failed!"
Goblin1989's ghost hits you but does no damage.
Natasha barely misses you.
You hit Natasha.
Natasha is almost dead.
The shadow imp misses you. The worm bites you!
You die...

.#.#.# #.#.#####.#
...#.####.#.#####.#
...............##.#
.##########.##.##.#
.# #.# ##.# #.# #.#
#.# #.## #.##
##h.## .# #.#.
#@5..# .#
#.#.##wW..>...# .#
####....#b..####.#
.........##.#
#.....[.#.#
#.....<...#
#..w....######.#
#....)[.h......#
#.#..†W.5....###


You could see a worm, Natasha, Goblin1989's ghost, a shadow imp and a bat.

Vanquished Creatures
  Sigmund (D:3)
  Jessica (D:2)
  2 adders (D:2)
  An ooze (D:2)
  2 worms (D:2)
  A giant gecko (D:3)
  3 orcs (D:3)
  A giant cockroach (D:1)
  6 hobgoblins
  5 jackals
  3 kobolds
  A quokka (D:2)
  A ball python (D:2)
  4 bats
  2 giant newts (D:1)
  5 goblins
  11 rats
50 creatures vanquished.

Notes
Turn   | Place    | Note
--------------------------------------------------------------
     0 | D:1      | graki42 the Halfling Assassin began the quest for the Orb.
     0 | D:1      | Reached XP level 1. HP: 14/14 MP: 1/1
   440 | D:1      | Reached XP level 2. HP: 19/19 MP: 2/2
   725 | D:2      | Noticed an air elemental
   727 | D:2      | Found a stormy altar of Qazlal.
   728 | D:2      | Noticed an earth elemental
   728 | D:2      | Noticed a fire elemental
   728 | D:2      | Noticed a water elemental
   772 | D:2      | Reached skill level 5 in Stealth
   772 | D:2      | Reached XP level 3. HP: 17/24 MP: 3/3
   997 | D:2      | Noticed Jessica
  1015 | D:2      | Killed Jessica
  1015 | D:2      | Reached XP level 4. HP: 29/29 MP: 4/4
  1068 | D:2      | Found a white marble altar of Elyvilon.
  1473 | D:3      | Noticed Natasha
  1488 | D:3      | Noticed Goblin1989's ghost (weakling OpTm)
  1907 | D:3      | Reached XP level 5. HP: 34/34 MP: 5/5
  2044 | D:3      | Noticed Sigmund
  2046 | D:3      | Killed Sigmund
  2046 | D:3      | Reached skill level 6 in Stealth
  2046 | D:3      | Reached XP level 6. HP: 39/41 MP: 6/6
  2080 | D:3      | Mangled by a worm

Vault maps used:
D:1:      saegor_arrival_simple_c
D:2:      nicolae_qazlal_style_of_elements, overflow_temple_1_default,
          uniq_jessica
D:3:      first_bread, uniq_sigmund, uniq_natasha

Action                   |  1- 3 |  4- 6 || total
-------------------------+-------+-------++-------
Melee: Dagger            |   104 |    98 ||   202
  Use: Potion            |       |     2 ||     2
 Stab: Sleeping          |     8 |     9 ||    17
  Eat: Chunk             |       |     3 ||     3
